 Dungeon Crawl Stone Soup version 0.22-a0-278-g8f80174 (webtiles) character file.

2845 varam the Grappler (level 9, -11/88 HPs)
             Began as a Troll Monk on Mar 15, 2018.
             Was a Priest of Makhleb.
             Killed by divine providence
             ... invoked by an orc priest
              (17 damage)
             ... on level 8 of the Dungeon.
             The game lasted 00:15:09 (6491 turns).

varam the Grappler (Troll Monk)                     Turns: 6491, Time: 00:15:10

Health: -11/88     AC:  6    Str: 22    XL:     9   Next: 46%
Magic:  10/10      EV:  7    Int:  7    God:    Makhleb [***...]
Gold:   401        SH: 15    Dex: 13    Spells: 8/8 levels left

rFire    . . .     SeeInvis .     - Unarmed
rCold    . . .     Gourm    +   v - +0 large shield
rNeg     . . .     Faith    .   a - +0 robe
rPois    .         Spirit   .   e - +0 hat
rElec    .         Reflect  .   c - +0 cloak
rCorr    .         Harm     .   (gloves unavailable)
MR       .....                  (boots unavailable)
Stlth    ++........             (no amulet)
HPRegen  0.64/turn              (no ring)
MPRegen  0.12/turn              (no ring)

@: lethally poisoned (-11 -> -12)
A: large, unfitting armour, claws 3, fast metabolism 3, gourmand, regeneration
1, shaggy fur 1, tough skin 2
a: Minor Destruction, Lesser Servant of Makhleb, Renounce Religion


You were on level 8 of the Dungeon.
You worshipped Makhleb.
Makhleb was most pleased with you.
You were not hungry.

You visited 1 branch of the dungeon, and saw 8 of its levels.

You collected 401 gold pieces.

Inventory:

Missiles
 t - 8 javelins (quivered)
 x - 5 tomahawks
 y - 4 large rocks
Armour
 a - a +0 robe (worn)
 c - a +0 cloak (worn)
 e - a +0 hat (worn)
 v - a +0 large shield (worn)
Magical Staves
 C - an uncursed staff of fire
Jewellery
 n - an uncursed ring of protection from fire {unknown}
Wands
 D - a wand of iceblast (10)
Scrolls
 f - 3 scrolls of immolation {unknown}
 h - a scroll of enchant armour {unknown}
 i - 2 scrolls of amnesia {unknown}
 j - a scroll of noise {unknown}
 l - 9 scrolls of identify {unknown}
 o - 2 scrolls of teleportation {unknown}
 q - 6 scrolls of remove curse {unknown}
 r - 2 scrolls of enchant weapon {unknown}
 s - 3 scrolls of magic mapping {unknown}
 u - 2 scrolls of fog {unknown}
Potions
 d - a potion of cancellation {unknown}
 g - a potion of magic {unknown}
 k - 2 potions of curing
 m - a potion of invisibility
 p - a potion of ambrosia {unknown}
 z - a potion of mutation {unknown}
 A - a potion of flight {unknown}
 B - 3 potions of heal wounds
 E - a potion of lignification {unknown}
Comestibles
 b - 15 rations


   Skills:
 * Level 5.5 Fighting
 + Level 2.9 Dodging
 - Level 1.0 Stealth
 * Level 4.9 Shields
 - Level 9.3 Unarmed Combat
 - Level 3.7 Invocations


You had 8 spell levels left.
You didn't know any spells.

Dungeon Overview and Level Annotations

Branches:
Dungeon (8/15)             Temple (0/1) D:5
   Lair: D:8-11

Altars:
Dithmenos
Hepliaklqana
Makhleb
Nemelex Xobeh
Sif Muna
Trog
Xom

Shops:
D:7 %


Innate Abilities, Weirdness & Mutations

You are too large for most types of armour.
You have claws for hands.
Your metabolism is lightning-fast.
You like to eat raw meat.
Your natural rate of healing is unusually fast.
You are covered in fur. (AC +1)
You have very tough skin. (AC +2)


Message History

Your neqoxec hits the killer bee.
The orc warrior hits you from afar with a halberd!
* * * LOW HITPOINT WARNING * * *
The killer bee stings your neqoxec.
The orc wizard casts a spell.
The orc wizard blinks!
You feel sick. The killer bee stings your neqoxec.
The killer bee stings your neqoxec but does no damage.
The killer bee stings your neqoxec. The killer bee misses your neqoxec.
The killer bee stings your neqoxec.
Your neqoxec is poisoned.
The killer bee poisons your neqoxec!
Your neqoxec gestures at the killer bee.
The killer bee twists and deforms.
Your neqoxec hits the killer bee!
The killer bee dies!
Makhleb accepts your kill. The killer bee barely misses you.
The orc priest mumbles some strange prayers to Beogh against you.
Beogh smites you!
You die...

#..........>.
#............
#.......o....
#....F.y.....
#....oy3..>#
#.§o†3.....#
#..y§........
#.yy†........
#.@.o.o......
#..........##
#..........#
#............
#............
#..........
#..........
#.......... ..#
#..........+..#


You could see an orc warrior, a bullfrog, 5 killer bees, 3 orc priests, an orc
wizard and 2 friendly neqoxecs.

Vanquished Creatures
  Pikel (D:4)
  Grinder (D:4)
  A hornet (D:7)
  A hippogriff (D:8)
  2 water moccasins
  Duvessa (D:6)
  A slave (D:4)
  2 ogres
  A centaur (D:6)
  Dowan (D:6)
  A howler monkey (D:4)
  2 crimson imps (D:6)
  A quasit (D:8)
  A centaur zombie (D:7)
  An orc priest (D:6)
  4 jellies
  A gnoll shaman (D:6)
  5 hounds
  2 orc wizards
  A bullfrog skeleton (D:7)
  4 worker ants
  2 hound zombies (D:7)
  2 hound skeletons
  5 adders
  7 gnolls
  3 shadow imps
  4 oozes
  4 worms
  3 dart slugs (D:1)
  8 leopard geckos
  8 orcs
  7 bats
  3 giant cockroaches
  14 goblins
  9 hobgoblins
  6 jackals
  2 quokkas
  A ball python (D:5)
  3 frilled lizards
  13 kobolds
  A leopard gecko skeleton (D:6)
  A leopard gecko zombie (D:6)
  A quokka skeleton (D:4)
  2 quokka zombies
  4 rats
148 creatures vanquished.

Vanquished Creatures (collateral kills)
  A hippogriff (D:7)
  Sigmund (D:6)
  A killer bee (D:8)
  A jelly (D:6)
  An iguana (D:7)
  A leopard gecko (D:6)
  An orc (D:7)
  2 giant cockroaches
9 creatures vanquished.

Grand Total: 157 creatures vanquished

Notes
Turn   | Place    | Note
-------+----------+-------------------------------------------
     0 | D:1      | varam the Troll Monk began the quest for the Orb.
     0 | D:1      | Reached XP level 1. HP: 22/22 MP: 0/0
    88 | D:1      | Reached XP level 2. HP: 29/29 MP: 1/1
   208 | D:1      | Reached skill level 4 in Unarmed Combat
   248 | D:1      | Reached XP level 3. HP: 36/36 MP: 2/2
  1360 | D:2      | Found a sparkling altar of Nemelex Xobeh.
  1361 | D:2      | Found a burning altar of Makhleb.
  1455 | D:2      | Became a worshipper of Makhleb the Destroyer
  1455 | D:2      | Reached * piety under Makhleb
  1455 | D:2      | Reached ** piety under Makhleb
  1523 | D:2      | Reached skill level 5 in Unarmed Combat
  1523 | D:2      | Reached XP level 4. HP: 38/44 MP: 3/3
  1889 | D:2      | Reached skill level 1 in Invocations
  1950 | D:2      | Found a shadowy altar of Dithmenos.
  2250 | D:3      | Found a bloodstained altar of Trog.
  2311 | D:3      | Reached XP level 5. HP: 50/50 MP: 5/5
  2701 | D:4      | Reached skill level 2 in Invocations
  2741 | D:4      | Noticed a slave
  2814 | D:4      | Found a deep blue altar of Sif Muna.
  2962 | D:4      | Reached skill level 6 in Unarmed Combat
  2962 | D:4      | Reached XP level 6. HP: 59/59 MP: 5/7
  3085 | D:4      | Noticed Grinder
  3111 | D:4      | Paralysed by Grinder for 5 turns
  3116 | D:4      | HP: 4/59 [Grinder (9)]
  3117 | D:4      | HP: 1/59 [Grinder/nerve-wracking pain (14)]
  3129 | D:4      | Killed Grinder
  3129 | D:4      | Reached skill level 3 in Invocations
  3157 | D:4      | Reached XP level 7. HP: 64/66 MP: 8/8
  3164 | D:5      | Entered Level 5 of the Dungeon
  3172 | D:5      | Reached *** piety under Makhleb
  3261 | D:5      | Reached skill level 7 in Unarmed Combat
  3288 | D:5      | Found a staircase to the Ecumenical Temple.
  3462 | D:5      | Found a hazy altar of Hepliaklqana.
  4112 | D:4      | Found a shimmering altar of Xom.
  4195 | D:4      | Noticed Pikel
  4241 | D:4      | Killed Pikel
  4241 | D:4      | Reached skill level 9 in Unarmed Combat
  4241 | D:4      | Reached XP level 8. HP: 33/74 MP: 9/9
  4716 | D:6      | Reached skill level 1 in Shields
  4719 | D:6      | Noticed Duvessa
  4721 | D:6      | Noticed Dowan
  4727 | D:6      | Killed Duvessa
  4727 | D:6      | Reached skill level 3 in Fighting
  4728 | D:6      | Killed Dowan
  4750 | D:6      | Noticed Sigmund
  4758 | D:6      | Killed Sigmund
  4758 | D:6      | Reached skill level 2 in Shields
  4967 | D:6      | Reached skill level 4 in Fighting
  4967 | D:6      | Reached skill level 3 in Shields
  5403 | D:7      | Found a burning altar of Makhleb.
  5500 | D:7      | Reached XP level 9. HP: 85/85 MP: 10/10
  5504 | D:7      | Reached **** piety under Makhleb
  5578 | D:7      | Reached skill level 4 in Shields
  5581 | D:7      | HP: 8/87 [poisoned by a hornet]
  5584 | D:7      | Reached skill level 5 in Fighting
  5686 | D:7      | Found Xavatooh's Food Shoppe.
  6490 | D:8      | HP: 7/88 [orc warrior/halberd (17)]
  6491 | D:8      | Killed from afar by an orc priest

Vault maps used:
D:1:      evilmike_arrival_hilbert_curve
D:2:      nicolae_dithmenos_through_a_glass_darkly,
          chequers_temple_overflow_statue_of_worship, supply_closet_lemuel
D:3:      lemuel_coloured_pillars_altar
D:4:      kb_forest_paths, led_sif_book, tgw_xom, uniq_grinder, uniq_pikel
D:5:      old_standard_altar, minmay_temple_entry_glass, first_ration
D:6:      uniq_duvessa, uniq_sigmund
D:7:      serial_shops, nicolae_shop_crystal, makhleb_heckhound_becter
D:8:      minmay_cornered_nines, nicolae_overflow_crystal_walls, basic_altar,
          uniq_joseph

Skill      XL: |  1  2  3  4  5  6  7  8  9 |
---------------+----------------------------+-----
Unarmed Combat | 4 5 6 9 |  9.3
Invocations    | 1 2 3 |  3.7
Shields        | 3 4 |  4.9
Fighting       | 4 5 |  5.5
Dodging        | |  2.9
Stealth        | |  1.0

Action                   |  1- 3 |  4- 6 |  7- 9 || total
-------------------------+-------+-------+-------++-------
Melee: Unarmed           |   101 |   135 |   194 ||   430
       Punch             |       |     2 |     3 ||     5
Invok: Minor Destruction |       |     2 |     5 ||     7
       Lesser Servant of |       |       |     6 ||     6
  Use: Potion            |       |     6 |     1 ||     7
 Stab: Sleeping          |     2 |     2 |     3 ||     7
       Invisible         |       |     1 |       ||     1
       Distracted        |       |       |     1 ||     1
  Eat: Chunk             |    18 |    16 |    26 ||    60
Armor: Robe              |    44 |    38 |    54 ||   136
Dodge: Dodged            |    49 |    51 |    88 ||   188
Block: Large shield      |       |       |    30 ||    30

Table legend:
 A = Spawn XP
 B = Non-spawn XP
 C = Spawn XP percentage of total XP
 D = Spawn monster count
 E = Non-spawn monster count
 F = Spawn count percentage of total count
 G = Total turns spent on level
                    A         B        C        D         E        F      G
               +---------+---------+-------+---------+---------+-------+---------
         Total |       0 |    4065 |   0.0 |       0 |     156 |   0.0 |  6491
               +---------+---------+-------+---------+---------+-------+---------
           D:1 |       0 |      72 |   0.0 |       0 |      30 |   0.0 |  1335
           D:2 |       0 |      94 |   0.0 |       0 |      22 |   0.0 |   696
           D:3 |       0 |      63 |   0.0 |       0 |      21 |   0.0 |   664
           D:4 |       0 |    1162 |   0.0 |       0 |      20 |   0.0 |  1144
           D:5 |       0 |     357 |   0.0 |       0 |      14 |   0.0 |   847
           D:6 |       0 |     863 |   0.0 |       0 |      23 |   0.0 |   491
           D:7 |       0 |     985 |   0.0 |       0 |      21 |   0.0 |  1227
           D:8 |       0 |     469 |   0.0 |       0 |       5 |   0.0 |    87
               +---------+---------+-------+---------+---------+-------+---------
